 Dungeon Crawl Stone Soup version 0.28-a0-1555-g9ae15a6949 (webtiles) character file.

Game seed: 6688265460229790359

33 a3don the Sneak (level 3, -4/30 HPs)
             Began as a Naga Earth Elementalist on Jan 19, 2022.
             Slain by Terence (7 damage)
             ... on level 2 of the Dungeon.
             The game lasted 00:05:45 (1431 turns).

a3don the Sneak (Naga Earth Elementalist)           Turns: 1431, Time: 00:05:45

Health: -4/30      AC:  2    Str: 10    XL:     3   Next: 29%
Magic:  1/6        EV: 10    Int: 17    God:
Gold:   78         SH:  0    Dex: 11    Spells: 5/6 levels left

rFire   . . .      SeeInvis +   a - +0 dagger
rCold   . . .      Faith    .   h - orb {light}
rNeg    . . .      Spirit   .   j - +0 robe
rPois   +          Reflect  .   (no helmet)
rElec   .          Harm     .   (no cloak)
rCorr   .          Rampage  .   (no gloves)
Will    .....                   (no barding)
Stlth   +.........              (no amulet)
HPRegen 0.10/turn               (no ring)
MPRegen 0.10/turn               (no ring)

@: glowing, very slow
A: AC +1, large, see invisible, deformed body, poison resistance, slowness 2,
spit poison 1, naga tail 1
a: Spit Poison


You were on level 2 of the Dungeon.
You visited 1 branch of the dungeon, and saw 2 of its levels.

You collected 78 gold pieces.

Inventory:

Hand Weapons
 a - a +0 dagger (weapon)
 b - a +0 hunting sling
Missiles
 c - 4 stones
 l - 6 boomerangs (quivered)
Armour
 h - an orb of light (worn)
 j - a +0 robe (worn)
Jewellery
 g - a ring of fire
Scrolls
 f - 2 scrolls of identify {unknown}
Potions
 d - 2 potions of curing {unknown}
 e - a potion of flight {unknown}
 i - a potion of degeneration {unknown}
 k - a potion of heal wounds {unknown}


   Skills:
 + Level 0.8 Fighting
 + Level 1.8 Dodging
 + Level 3.5 Stealth
 + Level 2.2 Spellcasting
 + Level 0.3 Conjurations
 + Level 1.4 Transmutations
 + Level 3.2 Earth Magic


You had 5 spell levels left.
You knew the following spells:

 Your Spells              Type           Power      Damage    Failure   Level
a - Sandblast             Erth           24%        2d8       4%          1

Your spell library contained the following spells:

 Spells                   Type           Power      Damage    Failure   Level
 Passwall                 Tmut/Erth      7%         N/A       11%         2
 Stone Arrow              Conj/Erth      14%        3d7       26%         3
 Petrify                  Tmut/Erth      9%         N/A       58%         4


Dungeon Overview and Level Annotations

Branches:
Dungeon (2/15)

Altars:

Shops:
D:1 [

Annotations:
D:2 Terence


Innate Abilities, Weirdness & Mutations

Your serpentine skin is tough. (AC +1)
You have supernaturally acute eyesight. (SInv)
Armour fits poorly on your strangely shaped body.
Your system is resistant to poisons. (rPois)
You cover ground very slowly.
You can spit poison.
You have a snake-like lower body.


Message History

Confirm with . or Enter, or press ? or * to list all spells.
Aiming: Sandblast (safe; 4% risk of failure)
Press: ? - help, Shift-Dir - straight line, f/p - Terence
Aim: Terence, wielding a +0 mace and wearing a +0 scale mail (moderately wounded, haloed, 87% to hit)
The blast of sand hits Terence but does no damage.
Terence is moderately wounded.
c - 6 stones The bat hits you but does no damage.
Terence hits you with a +0 mace.
Casting: Sandblast (safe; 4% risk of failure)
Confirm with . or Enter, or press ? or * to list all spells.
Aiming: Sandblast (safe; 4% risk of failure)
Press: ? - help, Shift-Dir - straight line, f/p - Terence
Aim: Terence, wielding a +0 mace and wearing a +0 scale mail (moderately wounded, haloed, 87% to hit)
The blast of sand hits Terence but does no damage.
Terence is moderately wounded.
c - 5 stones The bat closely misses you.
Terence hits you with a +0 mace.
Casting: Sandblast (safe; 4% risk of failure)
Confirm with . or Enter, or press ? or * to list all spells.
Aiming: Sandblast (safe; 4% risk of failure)
Press: ? - help, Shift-Dir - straight line, f/p - Terence
Aim: Terence, wielding a +0 mace and wearing a +0 scale mail (moderately wounded, haloed, 87% to hit)
The blast of sand hits Terence.
Terence is heavily wounded.
c - 4 stones The bat hits you but does no damage.
Terence hits you with a +0 mace.
* * * LOW HITPOINT WARNING * * *
The bat hits you.
* * * LOW HITPOINT WARNING * * *
You see here a bat corpse.
The bat hits you but does no damage. The bat barely misses you.
The bat barely misses you. The bat hits you but does no damage.
The bat closely misses you. The bat hits you.
* * * LOW HITPOINT WARNING * * *
The bat closely misses you. The bat hits you.
* * * LOW HITPOINT WARNING * * *
Terence hits you with a +0 mace!
You die...

..........)......#
#.#
#..##.##.######.##
#.# #..##.##.# #†#
#..
...##.##.######.##
#.########.#
#.###.##.........#
#.#........# #.#
#†##.######..#
#.#†########## ..#
#.##.#
#.b###.............
#####.##.##
#.@.)....#########.
..........#
##@####### #.
########..# #.# #.
#..# #.# #. #..#
#.###############.
########..#
#.................
.......<..#
#.###.#######.####
#########.# #.# #.#
#.# #.# #.###.# #.#
#.# #.....# #.#


You could see Terence and a bat.

Vanquished Creatures
  A worm (D:2)
  A dart slug (D:1)
  2 endoplasms
  2 giant cockroaches
  7 goblins
  4 hobgoblins
  A kobold (D:1)
  2 ball pythons
  2 bats
  2 frilled lizards
24 creatures vanquished.

Notes
Turn   | Place    | Note
-------+----------+-------------------------------------------
     0 | D:1      | a3don the Naga Earth Elementalist began the quest for the
                  | Orb.
     0 | D:1      | Reached XP level 1. HP: 15/15 MP: 3/3
   137 | D:1      | Reached XP level 2. HP: 13/24 MP: 0/5
   391 | D:1      | Found Fuestroi's Antique Armour Shop.
  1256 | D:2      | Reached XP level 3. HP: 30/30 MP: 4/6
  1397 | D:2      | Noticed Terence
  1431 | D:2      | Slain by Terence

Illustrated notes

Levels and vault maps discovered:
D:1:      shiori_arrival_elements, layout_loops_ring, serial_shops,
          nicolae_diamond_shop
D:2:      layout_loops_ring, uniq_terence

Action                   || total
-------------------------++-------
Melee: Dagger            ||    23
 Fire: Hunting sling     ||    12
Throw: Boomerang         ||     1
 Cast: Sandblast         ||    36
Armor: Robe              ||    18
Dodge: Dodged            ||    37

Table legend: (Time is in decaauts)
 A = Elapsed time spent in this place.
 B = Non-inter-level travel time spent in this place.
 C = Inter-level travel time spent in this place.
 D = Time resting spent in this place.
 E = Time spent auto-exploring this place.
 F = Levels seen in this place.
 G = Mean time per level.
                   A        B        C        D        E       F      G
               +--------+--------+--------+--------+--------+-----+--------+
         Total |   1762 |   1729 |     33 |     31 |   1447 |   2 |  881.0 |
       Dungeon |   1762 |   1729 |     33 |     31 |   1447 |   2 |  881.0 |
               +--------+--------+--------+--------+--------+-----+--------+

Top non-repeatable levels by time:
     D:1: 1314 daAuts
     D:2: 448 daAuts
